 Dungeon Crawl Stone Soup version 0.16.1-2-g95b8d4c (webtiles) character file.

313 Zapata the Cudgeler (level 6, -5/55 HPs)
             Began as a Kobold Berserker on Mar 24, 2015.
             Was a Priest of Trog.
             Slain by a gnoll
             ... wielding a +0 halberd
              (9 damage)
             ... on level 4 of the Dungeon.
             The game lasted 00:04:54 (4515 turns).

Zapata the Cudgeler (Kobold Berserker)              Turns: 4515, Time: 00:04:55

Health: -5/55      AC:  6    Str: 20    XL:     6   Next: 71%
Magic:  6/6        EV: 15    Int:  5    God:    Trog [***...]
Gold:   307        SH:  0    Dex: 18    Spells: 0 memorised, 5 levels left

rFire  . . .     SeeInvis .     a - +2 mace (crush)
rCold  . . .     Clarity  .     b - +0 animal skin
rNeg   . . .     SustAb   .     (no shield)
rPois  +         Gourm    .     y - +0 helmet
rElec  .         Spirit   .     p - +1 cloak
rCorr  .         Warding  .     z - +0 pair of gloves
rMut   .         Stasis   .     (no boots)
MR     .....                    (no amulet)
Stlth  ..........               (no ring)
                                l - ring of poison resistance

@: berserking (expiring), very quick, not resistant to hostile enchantments,
extremely unstealthy
A: carnivore 3
a: Burn Spellbooks, Berserk, Trog's Hand, Renounce Religion


You were on level 4 of the Dungeon.
You worshipped Trog.
Trog was most pleased with you.
You were full.

You visited 1 branch of the dungeon, and saw 4 of its levels.

You collected 307 gold pieces.

Inventory:

Hand weapons
 a - a +2 mace of crushing (weapon)
Missiles
 e - 216 stones (quivered)
 A - 2 steel tomahawks
 B - 13 bolts
Armour
 b - a +0 animal skin (worn)
 p - a +1 cloak (worn)
 y - a +0 helmet (worn)
 z - a +0 pair of gloves (worn)
Jewellery
 l - a ring of poison resistance (left hand)
Scrolls
 d - 4 scrolls of teleportation {unknown}
 j - a scroll of enchant weapon {unknown}
 m - a scroll of fear {unknown}
 o - 3 scrolls of identify {unknown}
 q - a scroll of recharging {unknown}
 s - a scroll of magic mapping {unknown}
 t - a scroll of fog {unknown}
 u - a scroll of immolation {unknown}
 v - 3 scrolls of remove curse {unknown}
 C - a scroll of amnesia {unknown}
Potions
 h - 2 potions of lignification
 i - 2 potions of curing {unknown}
 k - a potion of haste {unknown}
 r - a potion of agility {unknown}
 w - a potion of brilliance {unknown}
 x - a potion of flight {unknown}
Comestibles
 c - 4 meat rations
 f - 2 beef jerkies
 g - a slice of pizza
 n - a royal jelly


   Skills:
 - Level 3.2 Fighting
 + Level 7.0 Maces & Flails
 - Level 1.5 Armour
 - Level 2.4 Dodging


You had 5 spell levels left.
You didn't know any spells.

Dungeon Overview and Level Annotations

Branches:
Dungeon (4/15)
 Temple: D:4-7

Altars:

Portals:
Sewer: D:4


Innate Abilities, Weirdness & Mutations

You are small and have problems with some larger weapons.
You are carnivorous and can eat meat at any time.


Message History

You kill the gnoll!
Trog accepts your kill. The gnoll misses you.
Unknown command.
You barely miss the gnoll.
The gnoll hits you from afar with an enchanted spear.
The gnoll hits you from afar with a halberd!
* * * LOW HITPOINT WARNING * * *
The gnoll completely misses you.
Unknown command.
Huge Dmg: -36%(-20hp) hp: 6%(3hp)
You are too injured to fight recklessly!
Unknown command.
You are too injured to fight recklessly!
Unknown command.
Unknown command.
A jackal comes into view.
The jackal barks!
The gnoll barely misses you. The gnoll hits you with a halberd!
You die...

###### .
#.gl.#
#@g..#
#..h.%.gg.#
#..........#
#.l..#.....#
#....#####.#
+.... .# ...
# .#


You could see 2 iguanas, 4 gnolls and a jackal.

Vanquished Creatures
  A scorpion (D:3)
  A gnoll shaman (D:4)
  A giant frog skeleton (D:4)
  Robin (D:3)
  5 adders
  5 gnolls
  A giant mite (D:1)
  2 giant geckos
  2 oozes (D:1)
  An orc (D:3)
  A ball python (D:1)
  6 giant cockroaches
  13 hobgoblins
  6 jackals
  10 bats
  A giant newt (D:1)
  21 goblins
  8 kobolds
  3 rats
89 creatures vanquished.

Notes
Turn   | Place    | Note
--------------------------------------------------------------
     0 | D:1      | Zapata, the Kobold Berserker, began the quest for the Orb.
     0 | D:1      | Reached XP level 1. HP: 14/14 MP: 1/1
    88 | D:1      | Reached XP level 2. HP: 6/19 MP: 2/2
   693 | D:1      | Reached skill level 4 in Maces & Flails
   693 | D:1      | Reached XP level 3. HP: 13/23 MP: 3/3
   699 | D:1      | Acquired Trog's second power
  1570 | D:1      | Reached XP level 4. HP: 28/28 MP: 4/4
  2143 | D:2      | Reached skill level 5 in Maces & Flails
  2473 | D:2      | Reached XP level 5. HP: 4/32 MP: 5/5
  3412 | D:3      | Reached skill level 6 in Maces & Flails
  3516 | D:3      | Reached XP level 6. HP: 9/37 MP: 6/6
  3953 | D:3      | Noticed Robin
  3973 | D:3      | Killed Robin
  4502 | D:4      | Found a glowing drain.
  4512 | D:4      | Reached skill level 7 in Maces & Flails
  4515 | D:4      | Slain by a gnoll

Action                   |  1- 3 |  4- 6 || total
-------------------------+-------+-------++-------
Melee: Mace              |    97 |   188 ||   285
Invok: Berserk           |     1 |     4 ||     5
       Trog's Hand       |       |     1 ||     1
  Use: Potion            |     1 |       ||     1
  Eat: Chunk             |     7 |    13 ||    20
